AoeStats
← KND

Socotra

505332296Analyzed
4v4 RM · 23d ago on Sep 8, 2026· 29m 4s· 8 players
Game mode
Random Map
Map size
148×148
Population
200
Speed
Normal
Resources
Standard
Victory
Conquest
Starting age
Dark Age
Ending age
Imperial Age
RankedLock teamsTeams togetherTeam positionsShared explorationLock speedFull tech treeHidden civsTurbo modeCheats
Victory
Defeat
🇺🇾 Teutons · Uruguay
1567
+14
🇹🇷 Magyars · Türkiye
1549
+14
🇨🇳 Ethiopians · China
1547
+14
🇨🇦 Persians · Canada
1520
+16
🇦🇷 Japanese · Argentina
1561
-16
🇧🇷 Khmer · Brazil
1536
-15
🇨🇱 Berbers · Chile
1491
-14
🇨🇴 Vikings · Colombia
1463
-13
[MLTS] RKotzen
7:15 Loom
17:45 Feudal Age
19:53 Double-Bit Axe
FutureEwe5582
5:14 Loom
8:01 Feudal Age
8:45 Double-Bit Axe
11:39 Horse Collar
13:42 Fletching
21:04 Castle Age
22:31 Bow Saw
23:55 Town Watch
28:05 Imperial Age
29:55 Wheelbarrow
Thanos 2022
8:29 Feudal Age
8:02 Loom
9:50 Double-Bit Axe
16:28 Gold Mining
21:30 Scale Barding Armor
24:46 Castle Age
23:39 Bloodlines
24:22 Forging
24:48 Light Cavalry
25:51 Chain Barding Armor
25:56 Bow Saw
25:27 Horse Collar
KND
7:43 Loom
9:56 Feudal Age
10:45 Double-Bit Axe
10:52 Horse Collar
20:07 Forging
21:41 Scale Barding Armor
25:47 Castle Age
24:41 Gold Mining
25:12 Bloodlines
29:52 Wheelbarrow
Ok Loomer
1:34 Loom
16:57 Feudal Age
17:19 Town Watch
18:11 Wheelbarrow
17:39 Double-Bit Axe
24:54 Fletching
29:41 Forging
heybrowazzup
7:17 Loom
9:20 Feudal Age
10:23 Horse Collar
16:51 Scale Barding Armor
17:36 Town Watch
22:17 Castle Age
21:05 Bloodlines
23:20 Chain Barding Armor
22:52 Gold Mining
23:17 Husbandry
24:38 Wheelbarrow
[LdS]Nestoter
1:44 Loom
8:38 Feudal Age
9:01 Loom
10:09 Horse Collar
10:17 Double-Bit Axe
17:41 Wheelbarrow
16:51 Town Watch
17:45 Wheelbarrow
21:12 Castle Age
19:35 Gold Mining
22:06 Fletching
21:37 Crossbowman
22:50 Bodkin Arrow
24:48 Bow Saw
超级硬邦邦
6:44 Loom
9:08 Feudal Age
9:45 Double-Bit Axe
14:41 Fletching
17:53 Horse Collar
24:47 Castle Age
24:35 Gold Mining
25:52 Bow Saw
25:40 Bodkin Arrow
25:07 Crossbowman
27:12 Padded Archer Armor
27:13 Scale Mail Armor
27:28 Squires
28:42 Forging
Connection lost

Rejoining the realm…

Still unreachable

The connection could not be restored.

Session expired

The server has moved on; the page needs a fresh start.